 Dungeon Crawl Stone Soup version 0.16.1-28-gcc2312f (webtiles) character file.

10238 tognito the Fighter (level 11, -12/151 HPs)
             Began as a Minotaur Berserker on May 22, 2015.
             Was the Champion of Trog.
             Mangled by an orc knight
             ... wielding a +0 bardiche
              (13 damage)
             ... on level 4 of the Orcish Mines on May 30, 2015.
             The game lasted 01:57:57 (12054 turns).

tognito the Fighter (Minotaur Berserker)           Turns: 12054, Time: 01:57:57

Health: -12/151    AC: 23    Str: 31    XL:     11   Next: 33%
Magic:  4/4        EV: 10    Int:  4    God:    Trog [******]
Gold:   1917       SH:  0    Dex:  9    Spells: 0 memorised, 10 levels left

rFire  . . .     SeeInvis .     a - +0 war axe
rCold  . . .     Clarity  .     Q - +5 plate armour {ponderous}
rNeg   . . .     SustAb   .     (no shield)
rPois  .         Gourm    .     (helmet unavailable)
rElec  .         Spirit   .     U - +1 cloak {+Inv}
rCorr  .         Warding  .     (no gloves)
rMut   .         Stasis   .     K - +0 pair of boots
MR     +....                    (no amulet)
Stlth  ..........               (no ring)
                                n - ring of invisibility

@: berserking (expiring), lethally poisoned (-12 -> -13), very quick, somewhat
resistant to hostile enchantments, extremely unstealthy
A: retaliatory headbutt, horns 3, magic resistance 1
a: Burn Spellbooks, Berserk, Trog's Hand, Brothers in Arms, Renounce Religion,
Evoke Invisibility


You were on level 4 of the Orcish Mines.
You worshipped Trog.
Trog was exalted by your worship.
You were hungry.

You visited 2 branches of the dungeon, and saw 14 of its levels.

You collected 1917 gold pieces.

Inventory:

Hand weapons
 a - a +0 war axe (weapon)
 b - a +5 triple crossbow of freezing
 g - a +1 shortbow of flaming
 G - a +3 longbow of flaming
 P - a +5 antimagic executioner's axe
 S - a +1 hunting sling of velocity
Missiles
 r - 7 sling bullets
 v - 2 javelins
 w - 54 arrows
 x - 7 poisoned arrows
 C - 19 tomahawks (quivered)
 J - 65 bolts
Armour
 K - a +0 pair of boots (worn)
 Q - a +5 plate armour of ponderousness (worn)
 U - a +1 cloak of invisibility (worn)
Jewellery
 j - an uncursed amulet of regeneration
 n - a ring of invisibility (left hand)
Magical devices
 y - a wand of digging (4)
 A - a wand of frost (17)
 H - a wand of lightning (6)
 N - a wand of heal wounds (4)
 O - a wand of paralysis (2)
Scrolls
 d - a scroll of recharging {unknown}
 e - 7 scrolls of remove curse
 f - 7 scrolls of identify
 h - 5 scrolls of teleportation
 i - 3 scrolls of blinking {unknown}
 l - a scroll of random uselessness {unknown}
 s - a scroll of vulnerability {unknown}
 t - a scroll of fog {unknown}
 u - a scroll of enchant armour {unknown}
 B - a scroll of amnesia {unknown}
 D - 2 scrolls of enchant weapon {unknown}
 M - a scroll of magic mapping {unknown}
 R - a scroll of summoning {unknown}
Potions
 k - a potion of cancellation
 p - a potion of haste
 z - a potion of brilliance
 I - a potion of curing
 T - a potion of restore abilities
Comestibles
 c - 13 bread rations
 m - 3 meat rations
 o - 3 royal jellies
 q - a beef jerky
 E - a fruit
 L - a slice of pizza


   Skills:
 * Level 10.9 Fighting
 + Level 10.0 Axes
 + Level 9.5(9.6) Slings
 + Level 4.4 Bows
 + Level 2.1 Crossbows
 + Level 1.4(5.6) Throwing
 + Level 9.9 Armour
 + Level 5.0 Dodging
 + Level 1.0 Stealth
 + Level 0.2 Unarmed Combat


You had 10 spell levels left.
You didn't know any spells.

Dungeon Overview and Level Annotations

Branches:
Dungeon (10/15)            Temple (0/1) D:4             Orc (4/4) D:9
    Elf (0/3) Orc:3
   Lair: D:8-11

Altars:
Dithmenos
Elyvilon
Nemelex Xobeh
Qazlal
Trog
Xom
Yredelemnul
The Shining One

Shops:
D:7 *   D:8 (   D:9 ((   Orc:4 [

Annotations:
Orc:4 Nergalle


Innate Abilities, Weirdness & Mutations

You reflexively headbutt those who attack you in melee.
You have a pair of large horns on your head.
You are resistant to hostile enchantments.


Message History

The spectral orc warrior hits you but does no damage.
The orc sorcerer gestures at the surrounding area while chanting.
The dead are walking!
The orc sorcerer mumbles some strange words.
The orc priest glows brightly for a moment.
The orc warrior hits you from afar with a trident!
* * * LOW HITPOINT WARNING * * *
The spectral orc knight hits you but does no damage.
An orc, an orc wizard and a zombie come into view.
You completely miss Nergalle.
Nergalle is severely wounded.
The orc shouts!
You hit the orc warrior.
The orc warrior is moderately wounded.
You completely miss the orc zombie.
You hit the spectral orc knight but do no damage.
The spectral orc knight is lightly damaged.
The orc warrior misses you.
The orc knight hits you from afar with a bardiche!
You die...

#.)....................
##.####................
### #........)[......
#.........)..#...
##....<..........#
##................#
#..(.(......##...##
o...#####ZZ........#...#
.o....8o@)..........#.##
...4.TooZ..........####
o.3ooZo...........#
..O4.o..............
.ooo.8..#...#.......#
..######...#.....### .
..###.#### ..# ##


You could see an orc knight, Nergalle, an orc high priest (wandering), a
hellwing, a spectral orc warrior, a spectral orc knight, a troll, a chaos spawn,
2 orc sorcerers, a red devil, 3 orc warriors, an ogre, 2 orc priests, 2 orc
wizards, an orc (frenzied), an orc zombie and an orc zombie.

Vanquished Creatures
  Nessos (Orc:3)
  An orc knight (Orc:4)
  Maurice (Orc:3)
  The ghost of jazmu the Chopper, an experienced GrHu (D:6)
  5 yaks (D:7)
  Grum (D:9)
  3 wolves (D:9)
  2 hippogriffs
  A hungry ghost (D:7)
  8 wargs
  Menkaure (D:4)
  2 sky beasts
  2 water moccasins (D:7)
  An ice beast (D:6)
  17 orc warriors
  A phantom (D:4)
  A big kobold (D:9)
  3 ogres
  2 centaurs
  3 giant frogs
  A scorpion (D:4)
  10 killer bees (D:9)
  3 jellies
  5 crimson imps
  A quasit (D:6)
  4 wights (D:6)
  A centaur zombie (D:7)
  A goliath beetle (D:8)
  20 orc priests
  5 worker ants
  Crazy Yiuf (D:3)
  A gnoll shaman (D:5)
  An iguana (D:9)
  23 orc wizards
  A giant frog skeleton (D:9)
  Natasha (thrice) (D:3)
  Ijyb (D:3)
  Jessica (D:3)
  A mummy (D:7)
  5 gnolls (D:5)
  10 adders
  4 worms
  An adder skeleton (D:5)
  4 giant geckos
  3 oozes
  151 orcs
  A ball python (D:8)
  A bat skeleton (D:5)
  2 bat zombies
  6 giant cockroaches
  17 goblins
  17 hobgoblins
  7 jackals
  10 kobolds
  2 quokkas
  10 bats
  4 giant newts
  17 rats
  3 spectral orcs (Orc:4)
416 creatures vanquished.

Notes
Turn   | Place    | Note
--------------------------------------------------------------
     0 | D:1      | tognito, the Minotaur Berserker, began the quest for the Orb.
     0 | D:1      | Reached XP level 1. HP: 19/19 MP: 1/1
   192 | D:1      | Reached XP level 2. HP: 13/27 MP: 1/1
   292 | D:1      | Reached skill level 4 in Fighting
   299 | D:1      | Acquired Trog's second power
   953 | D:2      | Reached XP level 3. HP: 25/33 MP: 2/2
  1096 | D:2      | Found a sparkling altar of Nemelex Xobeh.
  1098 | D:2      | Found a stormy altar of Qazlal.
  1103 | D:2      | Found a white marble altar of Elyvilon.
  1501 | D:2      | Reached XP level 4. HP: 37/41 MP: 2/2
  1984 | D:3      | Reached XP level 5. HP: 45/47 MP: 2/2
  2062 | D:3      | Noticed Ijyb
  2069 | D:3      | Killed Ijyb
  2139 | D:3      | Noticed Crazy Yiuf
  2149 | D:3      | Killed Crazy Yiuf
  2149 | D:3      | Reached skill level 5 in Fighting
  2247 | D:3      | Noticed Jessica
  2257 | D:3      | Killed Jessica
  2339 | D:3      | Noticed Natasha
  2346 | D:3      | Killed Natasha
  2346 | D:3      | Reached skill level 1 in Slings
  2386 | D:3      | Noticed Natasha
  2388 | D:3      | Killed Natasha
  2440 | D:3      | Noticed Natasha
  2440 | D:3      | Killed Natasha
  2752 | D:4      | Noticed a phantom
  2781 | D:4      | Killed a phantom
  2781 | D:4      | Reached XP level 6. HP: 53/56 MP: 3/3
  2991 | D:4      | Found a bloodstained altar of Trog.
  3208 | D:4      | Found a staircase to the Ecumenical Temple.
  3257 | D:4      | Found a basalt altar of Yredelemnul.
  3258 | D:4      | Noticed a profane servitor
  3263 | D:4      | Noticed Menkaure
  3272 | D:4      | Killed Menkaure
  3272 | D:4      | Reached skill level 5 in Axes
  3272 | D:4      | Reached XP level 7. HP: 16/62 MP: 3/3
  3369 | D:4      | Found a glowing golden altar of the Shining One.
  3370 | D:4      | Noticed an angel
  3482 | D:5      | Entered Level 5 of the Dungeon
  3534 | D:5      | Found a shadowy altar of Dithmenos.
  3551 | D:5      | Acquired Trog's third power
  3668 | D:5      | Received a gift from Trog
  4293 | D:6      | Reached skill level 5 in Armour
  4317 | D:6      | Reached skill level 5 in Slings
  4509 | D:6      | Reached skill level 6 in Fighting
  4785 | D:6      | Reached XP level 8. HP: 65/70 MP: 3/3
  4835 | D:6      | Noticed jazmu's ghost (experienced GrHu)
  4852 | D:6      | Killed jazmu's ghost
  5072 | D:6      | Reached skill level 7 in Fighting
  5202 | D:7      | Upgraded the game from 0.16.1-25-gbcee3f8 to 0.16.1-28-gcc2312f
  5207 | D:7      | Found a shimmering altar of Xom.
  5209 | D:7      | Found Troumeggo's General Store.
  5251 | D:7      | Reached skill level 1 in Throwing
  5329 | D:7      | Reached XP level 9. HP: 61/79 MP: 4/4
  5414 | D:7      | Reached skill level 1 in Stealth
  5417 | D:7      | Reached skill level 8 in Fighting
  6590 | D:8      | Found Qiappewu's Weapon Shoppe.
  7017 | D:9      | Noticed Grum
  7029 | D:9      | Reached skill level 9 in Fighting
  7029 | D:9      | Reached XP level 10. HP: 27/91 MP: 4/4
  7040 | D:9      | Killed Grum
  7364 | D:9      | Received a gift from Trog
  7477 | D:9      | Found Ghadi's Weapon Emporium.
  7771 | D:9      | Found a staircase to the Orcish Mines.
  7884 | D:9      | Found Gabalaeg's Weapon Emporium.
  7995 | D:10     | Entered Level 10 of the Dungeon
  8040 | Orc:1    | Entered Level 1 of the Orcish Mines
  8043 | Orc:1    | Received a gift from Trog
  8713 | Orc:1    | Reached skill level 1 in Bows
  8913 | Orc:2    | Received a gift from Trog
  9273 | Orc:2    | Found a dark tunnel.
  9433 | Orc:2    | Reached skill level 10 in Fighting
 10204 | Orc:2    | Reached XP level 11. HP: 100/100 MP: 4/4
 10567 | Orc:3    | Noticed Nessos
 10582 | Orc:3    | Received a gift from Trog
 10590 | Orc:3    | Killed Nessos
 10591 | Orc:3    | Gained mutation: You have a pair of large horns on your head. [potion of mutation]
 10591 | Orc:3    | Gained mutation: You are resistant to hostile enchantments. [potion of mutation]
 10861 | Orc:3    | Received a gift from Trog
 11116 | Orc:3    | Noticed Maurice
 11118 | Orc:3    | Paralysed by Maurice for 7 turns
 11149 | Orc:3    | Killed Maurice
 11149 | Orc:3    | Reached skill level 1 in Crossbows
 11437 | Orc:3    | Found a staircase to the Elven Halls.
 11673 | Orc:4    | Entered Level 4 of the Orcish Mines
 11720 | Orc:4    | Found Apuisod's Antique Armour Emporium.
 11840 | Orc:4    | Received a gift from Trog
 12037 | Orc:4    | Noticed Nergalle
 12042 | Orc:4    | Reached skill level 10 in Axes
 12052 | Orc:4    | Reached skill level 5 in Dodging
 12053 | Orc:4    | HP: 1/151 [orc warrior/trident[Saint Roka] (16)]
 12054 | Orc:4    | Mangled by an orc knight

Action                   |  1- 3 |  4- 6 |  7- 9 | 10-12 || total
-------------------------+-------+-------+-------+-------++-------
Melee: Hand axe          |    88 |       |       |       ||    88
       Unarmed           |     7 |    28 |       |       ||    35
       War axe           |       |    61 |   209 |   296 ||   566
 Fire: Hunting sling     |       |    84 |   176 |    52 ||   312
       Shortbow          |       |       |     1 |   125 ||   126
       Triple crossbow   |       |       |       |    47 ||    47
       Longbow           |       |       |       |     6 ||     6
Throw: Javelin           |       |     3 |     4 |     2 ||     9
       Tomahawk          |       |       |       |     4 ||     4
Invok: Berserk           |       |     2 |     4 |     4 ||    10
       Trog's Hand       |       |     1 |       |       ||     1
Evoke: Wand              |       |       |       |     2 ||     2
  Use: Potion            |     3 |       |     7 |     3 ||    13
       Scroll            |       |       |     4 |     2 ||     6
  Eat: Chunk             |     1 |     7 |    17 |    20 ||    45
